 Dungeon Crawl Stone Soup version 0.30-a0-739-gea05faddec (webtiles) character file.

Game seed: 5399850949138932101

123876 karrick the Bludgeoner (level 16, -9/105 HPs)
             Began as a Gargoyle Fighter on Feb 4, 2023.
             Was the Champion of Okawaru.
             Mangled by Aizul (14 damage)
             ... on level 3 of the Snake Pit.
             The game lasted 01:30:58 (25311 turns).

karrick the Bludgeoner (Gargoyle Fighter)          Turns: 25311, Time: 01:30:58

Health: -9/105     AC: 34    Str: 24    XL:     16   Next: 91%
Magic:  0/24       EV: 13    Int: 18    God:    Okawaru [******]
Gold:   1894       SH: 12    Dex: 30    Spells: 15/15 levels left

rFire   . . .      SeeInvis .    k - +9 broad axe of Waowniyre {spect, Dex+3}
rCold   . . .      Faith    .    V - +2 buckler
rNeg    + + .      Spirit   +    b - +4 ring mail "Ymnoday" {Int+3}
rPois   ∞          Reflect  .    h - +0 helmet
rElec   +          Harm     .    L - +2 cloak
rCorr   .          Rampage  .    W - +0 pair of gloves
Will    +....      NoTele   +    y - +1 pair of boots of the Fife {rN+ Str+3 Int+5}
Stlth   ++++++                   A - amulet of guardian spirit
HPRegen 0.37/turn                l - +6 ring of dexterity
MPRegen 0.19/turn                S - +6 ring of dexterity

@: heroic, untranslocatable, flying, slowed, constricted, very slow
A: sickness immunity, AC +12, big wings, negative energy resistance 1,
electricity resistance, torment resistance 1, petrification resistance
a: Renounce Religion, Heroism, Finesse, Duel


You were on level 3 of the Snake Pit.
You worshipped Okawaru.
Okawaru was exalted by your worship.
You visited 5 branches of the dungeon, and saw 26 of its levels.
You also visited: Sewer, Ossuary, Bailey, Gauntlet and Ice Cave.

You collected 2498 gold pieces.
You spent 604 gold pieces at shops.

Inventory:

Hand Weapons
 j - the +1 broad axe of Jetsir {antimagic, rF- Will+ rCorr}
   (Okawaru gifted it to you on level 3 of the Lair of Beasts)

   rF:        It makes you vulnerable to fire.
   rCorr:     It protects you from acid and corrosion.
   Will:      It increases your willpower.
 k - the +9 broad axe of Waowniyre (weapon) {spect, Dex+3}
   (Okawaru gifted it to you on level 2 of the Lair of Beasts)

   Dex:       It affects your dexterity (+3).
 m - the +5 war axe "Foixiaq" {flame, rPois rC+ Stlth+}
   (You bought it in a shop on level 2 of the Orcish Mines)

   rC:        It protects you from cold.
   rPois:     It protects you from poison.
   Stlth:     It makes you more stealthy.
 r - the +10 morningstar of Qasotu {chaos, +Blink rN+++ Str-3}
   (You found it on level 2 of the Dungeon)

   Str:       It affects your strength (-3).
   rN:        It renders you almost immune to negative energy.
   +Blink:    It lets you blink.
 Z - the +10 morningstar of Viny Innocence {freeze, rElec Will+}
   (Okawaru gifted it to you on level 5 of the Lair of Beasts)

   rElec:     It insulates you from electricity.
   Will:      It increases your willpower.
Missiles
 w - 2 silver boomerangs (quivered)
Armour
 b - the +4 ring mail "Ymnoday" (worn) {Int+3}
   (Okawaru gifted it to you on level 12 of the Dungeon)

   Int:       It affects your intelligence (+3).
 g - the +2 pair of gloves "Inlimup" {Harm Int+2}
   (Okawaru gifted it to you on level 13 of the Dungeon)

   Int:       It affects your intelligence (+2).
   Harm:      It increases damage dealt and taken.
 h - a +0 helmet (worn)
 y - the +1 pair of boots of the Fife (worn) {rN+ Str+3 Int+5}
   (You bought it in a shop on level 6 of the Dungeon)

   Str:       It affects your strength (+3).
   Int:       It affects your intelligence (+5).
   rN:        It protects you from negative energy.
 L - a +2 cloak (worn)
 V - a +2 buckler (worn)
 W - a +0 pair of gloves (worn)
 Y - the +2 pair of boots "Juabovaa" {Harm Slay+3}
   (Okawaru gifted it to you on level 1 of the Lair of Beasts)

   Slay:      It affects your accuracy & damage with ranged weapons and melee
   (+3).
   Harm:      It increases damage dealt and taken.
Jewellery
 a - a +4 ring of protection
 c - a ring of resist corrosion
 l - a +6 ring of dexterity (left hand)
 u - the ring "Cah Upre" {rF+ Will+ Str-3 Int+4}
   (You found it in a Gauntlet)

   [ring of willpower]

   Str:       It affects your strength (-3).
   Int:       It affects your intelligence (+4).
   rF:        It protects you from fire.
   Will:      It increases your willpower.
 x - the ring of Maurigof {MP+9 Str+5}
   (You found it in an ice cave)

   [ring of magical power]

   Str:       It affects your strength (+5).
   MP:        It affects your magic capacity (+9).
 A - an amulet of guardian spirit (around neck)
 S - a +6 ring of dexterity (right hand)
Wands
 H - a wand of roots (20)
 O - a wand of digging (14)
 T - a wand of mindburst (15)
Scrolls
 f - 5 scrolls of blinking
 n - 6 scrolls of fear
 p - 6 scrolls of vulnerability
 v - 3 scrolls of fog
 z - 3 scrolls of magic mapping
 D - a scroll of identify
 E - 6 scrolls of immolation
 F - a scroll of silence
 I - a scroll of summoning
 K - 6 scrolls of teleportation
 N - 5 scrolls of enchant armour
 P - 6 scrolls of enchant weapon
 Q - a scroll of torment
 R - 2 scrolls of brand weapon
Potions
 d - a potion of might
 e - 7 potions of haste
 i - a potion of lignification
 s - 7 potions of attraction
 t - a potion of brilliance {unknown}
 B - 8 potions of curing
 C - 5 potions of resistance
 G - 9 potions of mutation
 J - 2 potions of cancellation
 M - 3 potions of ambrosia
 U - 3 potions of magic
 X - 2 potions of berserk rage
Miscellaneous
 o - a condenser vane (inert)


   Skills:
 + Level 13.7(18.7) Fighting
 + Level 12.4(20.4) Axes
 + Level 16.0(22.9) Maces & Flails
 + Level 10.7(15.7) Armour
 + Level 9.2(14.2) Stealth
 + Level 11.6(16.6) Shields
 * Level 10.8 Invocations
 + Level 1.4 Evocations


You had 15 spell levels left.
You didn't know any spells.
Your spell library contained the following spells:

 Spells                   Type           Power      Damage    Failure   Level
 Foxfire                  Conj/Fire      0%         2x1d4     32%         1
 Freeze                   Ice            0%         1d3       32%         1
 Magic Dart               Conj           0%         1d3       32%         1
 Sandblast                Erth           0%         2d4       32%         1
 Slow                     Hex            0%         N/A       32%         1
 Blink                    Tloc           0%         N/A       45%         2
 Lesser Beckoning         Tloc           0%         N/A       45%         2
 Momentum Strike          Conj/Tloc      0%         3d8       45%         2
 Passwall                 Tmut/Erth      0%         N/A       45%         2
 Confusing Touch          Hex            0%         N/A       69%         3
 Dazzling Flash           Conj/Hex       0%         N/A       69%         3
 Frozen Ramparts          Ice            0%         1d1       69%         3
 Gell's Gravitas          Tloc           0%         N/A       69%         3
 Hailstorm                Conj/Ice       0%         3d3       69%         3
 Mephitic Cloud           Conj/Pois/Air  0%         N/A       69%         3
 Stone Arrow              Conj/Erth      0%         3d7       69%         3
 Swiftness                Air            0%         N/A       69%         3
 Teleport Other           Tloc           0%         N/A       69%         3
 Vampiric Draining        Necr           0%         2d6       69%         3
 Ice Form                 Ice/Tmut       0%         N/A       97%         4
 Iskenderun's Mystic Bla  Conj/Tloc      0%         2d3       97%         4
 Leda's Liquefaction      Hex/Erth       0%         N/A       97%         4
 Arcjolt                  Conj/Air       0%         1d10      100%        5
 Fireball                 Conj/Fire      0%         3d3       100%        5
 Iskenderun's Battlesphe  Conj           0%         2d6       100%        5
 Yara's Violent Unravell  Hex/Tmut       0%         3d3       100%        5
 Iron Shot                Conj/Erth      0%         9d1       100%        6
 Starburst                Conj/Fire      0%         6d3       100%        6
 Enfeeble                 Hex            0%         N/A       100%        7
 Borgnjor's Revivificati  Necr           0%         N/A       100%        8
 Necromutation            Tmut/Necr      0%         N/A       100%        8
 Death's Door             Necr           0%         N/A       100%        9
 Call Imp                 Summ           Unusable   N/A       N/A         2
 Summon Ice Beast         Ice/Summ       Unusable   N/A       N/A         4
 Summon Lightning Spire   Summ/Air       Unusable   N/A       N/A         4
 Statue Form              Tmut/Erth      Unusable   N/A       N/A         6
 Malign Gateway           Summ/Tloc      Unusable   N/A       N/A         7
 Spellforged Servitor     Conj/Summ      Unusable   N/A       N/A         7

Dungeon Overview and Level Annotations

Branches:
Dungeon (15/15)            Temple (1/1) D:7            Lair (5/5) D:10
 Shoals (0/4) Lair:2        Snake (3/4) Lair:2        Slime (0/5) Lair:4
    Orc (2/2) D:12            Elf (0/3) Orc:2        Vaults (0/5) D:13
 Depths (0/4) D:15          Sewer (visited)         Ossuary (visited)
 Bailey (visited)           IceCv (visited)         Gauntlet (visited)

Altars:
Ashenzari
Cheibriados
Dithmenos
Elyvilon
Fedhas
Gozag
Hepliaklqana
Kikubaaqudgha
Makhleb
Nemelex Xobeh
Okawaru
Qazlal
Ru
Sif Muna
Trog
Uskayaw
Vehumet
Wu Jian
Xom
Yredelemnul
Zin
The Shining One

Shops:
D:3 [   D:6 [(!   Orc:1 :   Orc:2 :*([*![   Snake:1 (

Annotations:
Lair:4 Rupert
Snake:1 Roxanne
Snake:3 Aizul, Vashnia


Innate Abilities, Weirdness & Mutations

You are immune to sickness and miasma.
Your stone body is resilient. (AC +12)
You are immune to poison.
Your large and strong wings let you fly.
You resist negative energy. (rN+)
You are resistant to electric shocks. (rElec)
You are resistant to unholy torment.
You are immune to petrification.


Message History

The guardian serpent coils itself and waves its upper body at you.
The naga blinks into view!
The naga warrior blinks into view!
The salamander blinks!
The black mamba blinks!
Aizul hits you but does no damage.
The mana viper barely misses your +9 broad axe of Waowniyre {spect, Dex+3}.
The nagaraja gestures at you while chanting.
The poison arrow hits you. You partially resist.
* * * LOW HITPOINT WARNING * * *
The anaconda grabs you.
The anaconda bites you but does no damage.
The anaconda constricts you.
* * * LOW HITPOINT WARNING * * *
You slice the naga!!
The naga is severely wounded.
You slash the naga warrior! You slice the salamander!!
You closely miss the black mamba. You slice the nagaraja!!
You hit Aizul but do no damage. You hit the anaconda but do no damage.
Your +9 broad axe of Waowniyre {spect, Dex+3} hits the naga warrior!!
Your +9 broad axe of Waowniyre {spect, Dex+3} hits the salamander.
Your +9 broad axe of Waowniyre {spect, Dex+3} hits the black mamba!
Your +9 broad axe of Waowniyre {spect, Dex+3} hits the mana viper.
Your +9 broad axe of Waowniyre {spect, Dex+3} hits Aizul!
Your +9 broad axe of Waowniyre {spect, Dex+3} hits the anaconda.
The sentinel's mark upon you fades away.
You block Aizul's attack. You block the nagaraja's attack.
The mana viper bites your +9 broad axe of Waowniyre {spect, Dex+3}.
Your spectral weapon shares its damage with you!
* * * LOW HITPOINT WARNING * * *
The salamander barely misses you. You block the anaconda's attack.
The anaconda constricts you.
* * * LOW HITPOINT WARNING * * *
The black mamba bites your +9 broad axe of Waowniyre {spect, Dex+3}.
Your spectral weapon shares its damage with you!
* * * LOW HITPOINT WARNING * * *
The black mamba bites you but does no damage.
The naga hits you but does no damage.
The naga warrior roars a battlecry!
The nagas go into a battle-frenzy!
Aizul hits you!
You die...

#.## #..#### #N
##^†..#########N
###...†§S......
#.#...####N##
#.#.NS..#..#
#.#§#N#+#N#
#...#SSNS.#
#####S(@N##
#...SNN#
#......+
#......# ###
#......#
..########
#......#
.........#
#.<....#
..######.#
#†.....# ..#
#.#####.####


You could see Aizul, 2 nagarajas, a naga warrior (distracted), 3 naga
sharpshooters, 3 salamanders, an anaconda, a mana viper (distracted), a guardian
serpent, 2 black mambas, a naga (strong) and a friendly +9 broad axe of
Waowniyre {spect, Dex+3} (summoned).

Vanquished Creatures
  Jorgrun (D:13)
  Frances (D:13)
  Kirke (Snake:1)
  Donald (Snake:1)
  2 nagarajas (Snake:2)
  The ghost of browni3141 the Grappler, a journeyman TrBe of Trog (Orc:2)
  A dire elephant (D:15)
  A minotaur (Gauntlet)
  Snorg (Orc:1)
  Josephine (D:13)
  11 hydras
  Harold (D:9)
  A merfolk avatar (Lair:5)
  Erolcha (D:9)
  A salamander tyrant (Snake:2)
  2 boulder beetles (D:12)
  6 anacondas
  3 centaur warriors
  6 two-headed ogres
  3 naga warriors
  9 death yaks
  4 shock serpents
  A naga sharpshooter (Snake:2)
  A salamander mystic (Snake:2)
  Lodul (D:12)
  5 orc knights
  A deep elf pyromancer (D:12)
  4 wizards
  A steelbarb worm (shapeshifter) (D:10)
  An orange crystal statue (D:10)
  2 harpies (Lair:5)
  5 naga ritualists
  13 ugly things
  A necromancer (Gauntlet)
  2 wolf spiders
  13 mana vipers
  A manticore (Lair:2)
  10 cyclopes
  7 salamanders
  Maurice (D:8)
  3 elephants (Lair:5)
  3 ice statues (IceCv)
  A guardian serpent (Snake:2)
  23 black mambas
  Joseph (D:7)
  2 torpor snails
  5 naga magi
  A gargoyle (D:13)
  13 cane toads
  An efreet (D:13)
  2 rime drakes
  2 unseen horrors (D:11)
  A freezing wraith (IceCv)
  12 komodo dragons
  An ice devil (Gauntlet)
  2 polar bears (Lair:5)
  5 trolls
  4 wind drakes
  A snapping turtle (Lair:5)
  2 hornets
  11 slime creatures
  13 blink frogs
  5 spriggans (Bailey)
  5 wraiths
  3 shadows
  3 dire elephant simulacra (IceCv)
  40 yaks
  3 vampires
  4 wyverns
  4 hogs (Snake:1)
  5 basilisks
  A death yak simulacrum (IceCv)
  4 steam dragons
  Menkaure (D:7)
  17 nagas
  5 wargs
  3 acid dragons
  10 water moccasins
  36 orc warriors
  Pargi (Sewer)
  3 ice beasts
  A sky beast (D:6)
  3 black bears
  17 ogres
  12 wolves
  23 centaurs
  6 kobold brigands
  2 elf zombies (Ossuary)
  18 bullfrogs
  5 necrophages
  2 scorpions
  4 gnoll sergeants
  A cane toad simulacrum (IceCv)
  9 wights
  8 killer bees
  An elephant simulacrum (IceCv)
  A howler monkey (D:7)
  5 electric eels (Lair:1)
  A lava snake (Lair:4)
  4 human zombies (Ossuary)
  6 centaur zombies (Ossuary)
  2 jellies
  14 orc priests
  Crazy Yiuf (D:7)
  10 hounds
  4 gnoll boudas
  2 iguanas (D:6)
  10 orc wizards
  3 wolf simulacra (IceCv)
  3 mummies (Ossuary)
  27 gnolls
  7 adders
  15 white imps
  4 ufetubi
  4 worms
  2 dart slugs
  85 orcs
  6 ball pythons
  6 bats
  9 endoplasms
  6 giant cockroaches
  11 goblins
  14 hobgoblins
  7 quokkas
  4 frilled lizards
  14 kobolds
  4 rats (D:1)
  3 rat zombies (D:4)
797 creatures vanquished.

Vanquished Creatures (others)
  An ugly thing (IceCv)
  A black mamba (Snake:2)
  2 spriggans (D:14)
  An orc wizard (Orc:2)
  24 fungi
  69 plants
  A withered plant (Gauntlet)
99 creatures vanquished.

Grand Total: 896 creatures vanquished

Notes
Turn   | Place    | Note
-------+----------+-------------------------------------------
     0 | D:1      | karrick the Gargoyle Fighter began the quest for the Orb.
     0 | D:1      | Reached XP level 1. HP: 14/14 MP: 1/1
    79 | D:1      | Reached XP level 2. HP: 18/19 MP: 2/2
   430 | D:1      | Reached XP level 3. HP: 23/23 MP: 3/3
   851 | D:2      | Reached XP level 4. HP: 29/29 MP: 4/4
   876 | D:2      | Identified the +10 morningstar of Qasotu {chaos, +Blink
                  | rN+++ Str-3}
  1186 | D:3      | Found Mecex's Antique Armour Shop.
  1226 | D:3      | Found an ornate altar of the Wu Jian Council.
  1885 | D:4      | Found an ancient bone altar of Kikubaaqudgha.
  1946 | D:4      | Reached skill level 1 in Maces & Flails
  1946 | D:4      | Reached XP level 5. HP: 33/33 MP: 5/5
  1962 | D:4      | Reached skill level 2 in Maces & Flails
  1978 | D:4      | Found a glowing drain.
  1988 | Sewer    | Entered a sewer
  2102 | Sewer    | Noticed Pargi
  2104 | Sewer    | Killed Pargi
  2105 | Sewer    | Reached skill level 3 in Maces & Flails
  2105 | Sewer    | Reached XP level 6. HP: 38/38 MP: 6/6
  2133 | D:4      | Reached skill level 4 in Maces & Flails
  2134 | D:4      | Reached XP level 7. HP: 44/44 MP: 7/7
  2453 | D:5      | Entered Level 5 of the Dungeon
  2525 | D:5      | Found a sand-covered staircase.
  2530 | Ossuary  | Entered an ossuary
  2613 | Ossuary  | Reached skill level 5 in Maces & Flails
  2699 | Ossuary  | Reached skill level 1 in Stealth
  2738 | Ossuary  | Reached XP level 8. HP: 48/48 MP: 8/8
  2743 | Ossuary  | Reached skill level 5 in Fighting
  2743 | Ossuary  | Reached skill level 6 in Maces & Flails
  2751 | Ossuary  | Reached skill level 5 in Armour
  2917 | D:5      | Found a blossoming altar of Fedhas.
  2934 | D:5      | Reached skill level 7 in Maces & Flails
  3320 | D:6      | Found a radiant altar of Vehumet.
  3445 | D:6      | Found Otics's Armour Shoppe.
  3456 | D:6      | Reached skill level 8 in Maces & Flails
  3462 | D:6      | Reached XP level 9. HP: 54/54 MP: 9/9
  3504 | D:6      | Reached skill level 9 in Maces & Flails
  3578 | D:6      | Found a blossoming altar of Fedhas.
  3695 | D:6      | Found Hiytis's Antique Weapon Boutique.
  3795 | D:6      | Noticed a troll
  3796 | D:6      | Reached skill level 5 in Shields
  3803 | D:6      | Killed a troll
  3880 | D:6      | Found Dehy's Distillery.
  4018 | D:6      | Reached skill level 10 in Maces & Flails
  4038 | D:6      | Reached XP level 10. HP: 52/61 MP: 10/10
  4130 | D:7      | Noticed Joseph
  4242 | D:7      | Killed Joseph
  4447 | D:7      | Noticed Menkaure
  4451 | D:7      | Killed Menkaure
  4493 | D:7      | Found a staircase to the Ecumenical Temple.
  4519 | Temple   | Entered the Ecumenical Temple
  4593 | Temple   | Became a worshipper of Warmaster Okawaru
  4824 | D:7      | Reached skill level 11 in Maces & Flails
  5359 | D:7      | Reached * piety under Okawaru
  5461 | D:7      | Found a runed translucent door.
  5462 | D:7      | Noticed Crazy Yiuf
  5561 | D:7      | Killed Crazy Yiuf
  6435 | D:8      | Noticed Maurice
  6442 | D:8      | Killed Maurice
  6560 | D:8      | Reached ** piety under Okawaru
  6561 | D:8      | Reached skill level 12 in Maces & Flails
  6572 | D:8      | Reached XP level 11. HP: 50/68 MP: 11/11
  7360 | D:9      | Identified the +2 robe "Wutuzur" {Int+4}
  7483 | D:9      | Noticed Erolcha
  7526 | D:10     | Entered Level 10 of the Dungeon
  7560 | D:10     | an acid dragon changed into a glowing shapeshifter
  7560 | D:10     | Noticed a glowing shapeshifter (glowing shapeshifter)
  7560 | D:10     | a glowing shapeshifter changed into a wolf spider
  7560 | D:10     | Noticed a wolf spider (glowing shapeshifter)
  7561 | D:10     | a wolf spider changed into an orb spider
  7561 | D:10     | Noticed an orb spider (glowing shapeshifter)
  7566 | D:10     | an orb spider changed into a torpor snail
  7568 | D:10     | a torpor snail changed into a deep troll
  7568 | D:10     | Noticed a deep troll (glowing shapeshifter)
  7569 | D:10     | a deep troll changed into a cyclops
  7569 | D:10     | Noticed a cyclops (glowing shapeshifter)
  7572 | D:10     | a cyclops changed into an elephant
  7580 | D:10     | an elephant changed into a steelbarb worm
  7580 | D:10     | Noticed a steelbarb worm (glowing shapeshifter)
  7585 | D:10     | Killed a steelbarb worm
  7600 | D:10     | Found a flagged portal.
  7682 | Bailey   | Entered a bailey
  7760 | Bailey   | Reached *** piety under Okawaru
  7940 | Bailey   | Received a gift from Okawaru
  7979 | Bailey   | Noticed a two-headed ogre
  8008 | Bailey   | Killed a two-headed ogre
  8009 | Bailey   | Reached skill level 13 in Maces & Flails
  8174 | D:10     | Noticed an orange crystal statue
  8202 | D:10     | Reached **** piety under Okawaru
  8481 | D:9      | Noticed Harold
  8504 | D:9      | Killed Harold
  8750 | D:9      | Reached XP level 12. HP: 72/77 MP: 12/12
  8818 | D:10     | Found a staircase to the Lair.
  9250 | D:11     | Noticed a two-headed ogre
  9264 | D:11     | Reached ***** piety under Okawaru
  9275 | D:10     | Killed a two-headed ogre
  9508 | D:11     | Reached skill level 14 in Maces & Flails
  9671 | D:11     | Reached skill level 10 in Fighting
  9845 | Lair:1   | Entered Level 1 of the Lair of Beasts
 10615 | Lair:1   | Identified the +2 pair of boots "Juabovaa" {Harm Slay+3}
                  | (Okawaru gifted it to you on level 1 of the Lair of Beasts)
 10615 | Lair:1   | Received a gift from Okawaru
 11486 | Lair:2   | Noticed a four-headed hydra
 11493 | Lair:2   | Killed a four-headed hydra
 11508 | Lair:2   | Found a gate leading to a gauntlet.
 11513 | Gauntlet | Entered a Gauntlet
 11513 | Gauntlet | Found a transporter.
 11516 | Gauntlet | Found a transporter.
 11518 | Gauntlet | Found a transporter.
 11534 | Gauntlet | Found a transporter.
 11536 | Gauntlet | Noticed a death yak
 11536 | Gauntlet | Noticed a death yak
 11537 | Gauntlet | Noticed a death yak
 11537 | Gauntlet | Noticed a death yak
 11544 | Gauntlet | Found a transporter.
 11559 | Gauntlet | Found a transporter.
 11566 | Gauntlet | Noticed an entropy weaver
 11569 | Gauntlet | Found a transporter.
 11579 | Gauntlet | Found a transporter.
 11584 | Gauntlet | Found a transporter.
 11586 | Gauntlet | Found a transporter.
 11587 | Gauntlet | Found a runed translucent door.
 11588 | Gauntlet | Found a transporter.
 11608 | Gauntlet | Found a transporter.
 11610 | Gauntlet | Found a transporter.
 11627 | Gauntlet | Noticed a soul eater
 11630 | Gauntlet | Found a transporter.
 11711 | Gauntlet | Reached skill level 15 in Maces & Flails
 11711 | Gauntlet | Reached XP level 13. HP: 57/84 MP: 13/13
 11738 | Gauntlet | Reached skill level 1 in Evocations
 11958 | Gauntlet | Identified the ring "Cah Upre" {rF+ Will+ Str-3 Int+4}
 12030 | Gauntlet | Noticed a minotaur
 12037 | Gauntlet | Killed a minotaur
 12038 | Gauntlet | Reached skill level 1 in Invocations
 12144 | Lair:2   | Found a staircase to the Shoals.
 12156 | Lair:2   | Identified the +9 broad axe of Waowniyre {spect, Dex+3}
                  | (Okawaru gifted it to you on level 2 of the Lair of Beasts)
 12156 | Lair:2   | Received a gift from Okawaru
 12323 | Lair:2   | Found a staircase to the Snake Pit.
 12330 | Lair:2   | Reached ****** piety under Okawaru
 12738 | Lair:2   | Reached skill level 5 in Stealth
 13155 | Lair:3   | Found a frozen archway.
 13182 | IceCv    | Entered an ice cave
 13860 | IceCv    | Identified the ring of Maurigof {MP+9 Str+5}
 14744 | Lair:3   | Identified the +1 broad axe of Jetsir {antimagic, rF- Will+
                  | rCorr} (Okawaru gifted it to you on level 3 of the Lair of
                  | Beasts)
 14744 | Lair:3   | Received a gift from Okawaru
 14934 | Lair:4   | Found a staircase to the Slime Pits.
 14965 | Lair:4   | Reached skill level 10 in Shields
 15057 | Lair:4   | Reached skill level 5 in Axes
 15059 | Lair:4   | Gained mutation: Your large and strong wings let you fly.
                  | [Gargoyle growth]
 15059 | Lair:4   | Reached XP level 14. HP: 77/91 MP: 17/17
 15069 | Lair:4   | Noticed Rupert
 15109 | Lair:5   | Entered Level 5 of the Lair of Beasts
 15202 | Lair:5   | Reached skill level 5 in Invocations
 15580 | Lair:5   | Reached skill level 10 in Armour
 15679 | Lair:5   | Identified the +10 morningstar of Viny Innocence {freeze,
                  | rElec Will+} (Okawaru gifted it to you on level 5 of the
                  | Lair of Beasts)
 15679 | Lair:5   | Received a gift from Okawaru
 16242 | Lair:5   | Identified the +1 trident of Woiklotei {heavy, SInv}
 16254 | Lair:5   | Got Sif Muna's Reference Book on Charged Accomplices
 16765 | D:12     | Found a staircase to the Orcish Mines.
 16804 | D:12     | Noticed Lodul
 16812 | D:12     | Identified the +4 ring mail "Ymnoday" {Int+3} (Okawaru
                  | gifted it to you on level 12 of the Dungeon)
 16812 | D:12     | Received a gift from Okawaru
 16814 | D:12     | Killed Lodul
 17615 | D:13     | Noticed Josephine
 17624 | D:13     | Killed Josephine
 17696 | D:13     | Reached XP level 15. HP: 59/97 MP: 11/20
 17858 | D:13     | Found a gate to the Vaults.
 17862 | D:13     | Reached skill level 16 in Maces & Flails
 18105 | D:13     | Noticed Jorgrun
 18109 | D:13     | Noticed Frances
 18400 | D:14     | Found a broken altar of Ashenzari.
 18504 | D:14     | Received a gift from Okawaru
 18854 | D:14     | Got the Collected Works on Sandy Ceraunoscopy
 18913 | D:15     | Entered Level 15 of the Dungeon
 19169 | D:15     | Found a stormy altar of Qazlal.
 19439 | D:15     | Found an opulent altar of Gozag.
 19657 | D:15     | Found a staircase to the Depths.
 20526 | D:13     | Killed Jorgrun
 20553 | D:13     | Killed Frances
 20553 | D:13     | Identified the +2 pair of gloves "Inlimup" {Harm Int+2}
                  | (Okawaru gifted it to you on level 13 of the Dungeon)
 20553 | D:13     | Received a gift from Okawaru
 20554 | D:13     | Reached skill level 10 in Axes
 20939 | D:9      | Killed Erolcha
 20983 | D:6      | Bought the +1 pair of boots of the Fife {rN+ Str+3 Int+5}
                  | for 375 gold pieces
 21371 | Orc:1    | Entered Level 1 of the Orcish Mines
 21380 | Orc:1    | Noticed Snorg
 21395 | Orc:1    | Killed Snorg
 21673 | Orc:1    | Found Ageise's Book Shoppe.
 21894 | Orc:2    | Entered Level 2 of the Orcish Mines
 21955 | Orc:2    | Found Mezojilo's General Store.
 21959 | Orc:2    | Found Readeut's Antique Weapon Shoppe.
 22162 | Orc:2    | Found a runed translucent door.
 22448 | Orc:2    | Bought a bloodstained war axe for 229 gold pieces
 22448 | Orc:2    | Identified the +5 war axe "Foixiaq" {flame, rPois rC+
                  | Stlth+} (You bought it in a shop on level 2 of the Orcish
                  | Mines)
 22531 | Orc:2    | Found Gaskowap's Distillery.
 22531 | Orc:2    | Found Joanlydgh's General Store.
 22531 | Orc:2    | Found Jejakid's Armour Shop.
 22535 | Orc:2    | Found Riduirio's Armour Shoppe.
 22585 | Orc:2    | Found a staircase to the Elven Halls.
 22622 | Orc:2    | Found Leyxor's Book Shop.
 22749 | Orc:2    | Noticed browni3141's ghost (journeyman TrBe)
 22782 | Orc:2    | Killed browni3141's ghost
 22783 | Orc:2    | Reached XP level 16. HP: 104/104 MP: 21/23
 22924 | Snake:1  | Entered Level 1 of the Snake Pit
 23058 | Snake:1  | Noticed Donald
 23063 | Snake:1  | Killed Donald
 23085 | Snake:1  | Found Plog's Weapon Emporium.
 23193 | Snake:1  | Noticed Roxanne
 23301 | Snake:1  | Noticed Kirke
 23377 | Snake:1  | Killed Kirke
 23531 | Snake:1  | Received a gift from Okawaru
 24128 | Snake:2  | Noticed a nagaraja
 24140 | Snake:2  | Killed a nagaraja
 24141 | Snake:2  | Reached skill level 10 in Invocations
 24753 | Snake:2  | Noticed a nagaraja
 24767 | Snake:2  | Killed a nagaraja
 24907 | Snake:2  | Received a gift from Okawaru
 25290 | Snake:3  | Noticed Aizul
 25299 | Snake:3  | Noticed a nagaraja
 25304 | Snake:3  | Noticed Vashnia
 25305 | Snake:3  | Noticed a nagaraja
 25311 | Snake:3  | HP: 5/105 [black mamba (1)]
 25311 | Snake:3  | Mangled by Aizul

Illustrated notes

Levels and vault maps discovered:
D:1:      onia_arrival_handbag, layout_rooms
D:2:      layout_rooms
D:3:      layout_basic, nzn_wu_jian_council_hall, serial_shops, shop
D:4:      layout_gridville, lemuel_zombie_altar_kikubaaqudgha,
          gup_sewer_entry_glass, minmay_misc_feat_tower
D:5:      layout_loops_cross, enter_ossuary_5, minmay_ruined_shrine
D:6:      kennysheep_housing_project, layout_basic,
          mainiacjoe_overflow_brackets, vehumet_crystals, serial_shops,
          nicolae_lakefront_shop, shop, kennysheep_mini, minmay_diced_spiral
D:7:      minmay_skewed_foursquare, layout_loops_ring, temple_doors_e,
          uniq_menkaure, uniq_joseph, uniq_crazy_yiuf_cottage
D:8:      layout_gridville, uniq_maurice
D:9:      layout_gridville, minmay_between, uniq_harold, uniq_erolcha
D:10:     layout_loops_ring, lair_entry_dummy, enter_bailey_5, minivault_16
D:11:     layout_cave_pools
D:12:     layout_irregular_city, orc_0_dummy, nicolae_figureground_pulse,
          uniq_lodul
D:13:     layout_small_grid, david_vaults_1, serial_glass, glass_columns_a,
          glass_columns_a, glass_columns_a, glass_columns_c, glass_columns_a,
          glass_columns_b, glass_columns_a, glass_columns_c, glass_columns_b,
          glass_columns_a, glass_columns_b, glass_columns_b, glass_columns_b,
          glass_columns_b, feat_on_display, uniq_jorgrun, uniq_frances,
          uniq_josephine
D:14:     dreamdust_experimentation, layout_gridville, lemuel_tele_altar,
          minmay_fountain_box
D:15:     hangedman_depths_entry_try_elsewhere_first, layout_small_grid,
          nicolae_qazlal_style_of_elements, nicolae_gozag_seed_capital
Temple:   dpeg_three_leaves_temple
Lair:1:   layout_long_grid, serial_bayou, serial_bayou_ford_a,
          serial_bayou_pond_b, serial_bayou_shore_a, serial_bayou_crossing,
          serial_bayou_lagoon_b, serial_bayou_pond_c,
          chequers_serial_rivers_small_3
Lair:2:   layout_small_grid, minmay_shoals_entry_beasts,
          guppyfry_snake_entry_island, gauntlet_entry_generic
Lair:3:   layout_cave_pods, portal_ice_cave_entry_imps,
          hangedman_lair_unloving_vines, grunt_megastairs_1
Lair:4:   layout_gridlike, nicolae_slime_entry_field_trip, uniq_rupert
Lair:5:   gammafunk_lair_ancient_temple, layout_big_grid
Snake:1:  layout_cave_shapes, serial_shops, nicolae_shop_waterfront,
          uniq_roxanne, uniq_donald, uniq_kirke
Snake:2:  layout_misc_corridors
Snake:3:  layout_basic, uniq_vashnia, uniq_aizul
Orc:1:    layout_diamond_mine, serial_shops, shop, uniq_snorg
Orc:2:    st_orc_rangers, layout_caves, serial_shops, nicolae_shop_trees, shop,
          nicolae_shop_statue_plus, gammafunk_ghost_grave

Skill      XL: |  1  2  3  4  5  6  7  8  9 10 11 12 13 14 15 16 |
---------------+-------------------------------------------------+-----
Axes           | 2 3 5 8 10 12 | 12.4
Armour         | 4 5 6 7 8 9 10 | 10.7
Maces & Flails | 1 3 4 5 8 10 12 13 15 16 | 16.0
Fighting       | 4 5 6 8 9 11 12 13 | 13.7
Shields        | 4 5 6 7 9 10 11 | 11.6
Stealth        | 1 2 3 4 5 6 7 9 |  9.2
Evocations     | 1 |  1.4
Invocations    | 4 7 9 10 | 10.8

Action                     |  1- 3 |  4- 6 |  7- 9 | 10-12 | 13-15 | 16-18 || total
---------------------------+-------+-------+-------+-------+-------+-------++-------
  Melee: War axe           |   110 |       |       |       |       |       ||   110
         Morningstar       |       |    78 |   207 |   657 |   223 |       ||  1165
         Broad axe         |       |       |       |       |   531 |   184 ||   715
  Throw: Boomerang         |       |       |       |       |     1 |       ||     1
 Invoke: Heroism           |       |       |       |     3 |     5 |     3 ||    11
  Evoke: Wand              |       |       |       |     6 |     6 |       ||    12
         Condenser vane    |       |       |       |       |     1 |     1 ||     2
    Use: Scroll            |       |       |     4 |    14 |    19 |     4 ||    41
         Potion            |       |       |     1 |     4 |     6 |     3 ||    14
   Stab: Petrifying        |       |       |     2 |     1 |     1 |       ||     4
         Petrified         |       |       |     2 |       |       |       ||     2
         Confused          |       |       |       |     3 |    10 |       ||    13
         Distracted        |       |       |       |     1 |    27 |    13 ||    41
         Sleeping          |       |       |       |     3 |    16 |     8 ||    27
 Armour: Scale mail        |    86 |    58 |   138 |   377 |   141 |       ||   800
         Plate armour      |       |       |       |       |    44 |       ||    44
         Ring mail         |       |       |       |       |   186 |   118 ||   304
  Dodge: Dodged            |    67 |    28 |   110 |   221 |   240 |    80 ||   746
  Block: Buckler           |    34 |    21 |    52 |   265 |   380 |   106 ||   858

Table legend: (Time is in decaauts)
 A = Elapsed time spent in this place.
 B = Non-inter-level travel time spent in this place.
 C = Inter-level travel time spent in this place.
 D = Time resting spent in this place.
 E = Time spent auto-exploring this place.
 F = Levels seen in this place.
 G = Mean time per level.
                   A        B        C        D        E       F      G
               +--------+--------+--------+--------+--------+-----+--------+
         Total |  25329 |  24167 |   1162 |   1199 |  17110 |  31 |  817.1 |
       Dungeon |  13804 |  12993 |    811 |    162 |   9900 |  15 |  920.3 |
        Temple |     80 |     75 |      5 |      0 |     58 |   1 |   80.0 |
          Lair |   5544 |   5287 |    257 |      0 |   4112 |   5 | 1108.8 |
     Snake Pit |   2359 |   2335 |     24 |      0 |   1892 |   3 |  786.3 |
  Orcish Mines |   1451 |   1387 |     64 |    153 |    898 |   2 |  725.5 |
         Sewer |    138 |    138 |      0 |      0 |     98 |   1 |  138.0 |
       Ossuary |    259 |    259 |      0 |     71 |     87 |   1 |  259.0 |
        Bailey |    458 |    458 |      0 |    169 |     64 |   1 |  458.0 |
      Ice Cave |    709 |    709 |      0 |    458 |      0 |   1 |  709.0 |
      Gauntlet |    522 |    522 |      0 |    186 |      0 |   1 |  522.0 |
               +--------+--------+--------+--------+--------+-----+--------+

Top non-repeatable levels by time:
  Lair:1: 1672 daAuts
     D:7: 1426 daAuts
     D:9: 1401 daAuts
  Lair:5: 1314 daAuts
    D:15: 1284 daAuts
     D:6: 1250 daAuts
 Snake:1: 1188 daAuts
  Lair:2: 1186 daAuts
  Lair:3: 1157 daAuts
    D:14: 1092 daAuts
 Snake:2: 1047 daAuts
     D:8: 1022 daAuts
    D:13: 986 daAuts
    D:10: 958 daAuts
    D:12: 802 daAuts
